 Dungeon Crawl Stone Soup version 0.29.1-12-g30fa7ad0bf (webtiles) character file.

Game seed: 14433624377346967939

166 Radix the Chiller (level 5, 0/41 HPs)
             Began as a Ghoul Ice Elementalist on Dec 24, 2022.
             Slain by Natasha (6 damage)
             ... on level 3 of the Dungeon.
             The game lasted 00:19:27 (3068 turns).

Radix the Chiller (Ghoul Ice Elementalist)          Turns: 3068, Time: 00:19:28

Health: 0/41       AC:  6    Str: 12    XL:     5   Next: 47%
Magic:  4/8        EV: 16    Int: 12    God:
Gold:   244        SH:  0    Dex:  9    Spells: 8/9 levels left

rFire   . . .      SeeInvis .     - Unarmed
rCold   . . .      Faith    .   (no shield)
rNeg    + + +      Spirit   .   a - +0 robe
rPois   ∞          Reflect  .   s - +0 helmet of Defiance {Rampage rC- Regen+}
rElec   .          Harm     .   c - +2 cloak
rCorr   .          Rampage  +   (no gloves)
Will    .....                   (no boots)
Stlth   ++........              (no amulet)
HPRegen 0.00/turn               g - ring of flight
MPRegen 0.11/turn               r - +4 ring of evasion

@: mighty, flying, very slightly contaminated, inhibited regen, slowed, very
slow
A: claws 1, cold resistance 1, negative energy resistance 3, inhibited
regeneration, torment resistance 2, devour on kill
a: no special abilities


You were on level 3 of the Dungeon.
You visited 1 branch of the dungeon, and saw 3 of its levels.

You collected 244 gold pieces.

Inventory:

Hand Weapons
 e - a +0 dagger
Armour
 a - a +0 robe (worn)
 c - a +2 cloak (worn)
 s - the +0 helmet of Defiance (worn) {Rampage rC- Regen+}
   (You found it on level 3 of the Dungeon)

   rC:        It makes you vulnerable to cold.
   Regen:     It increases your rate of health regeneration.
   Rampage:   It bestows one free step when moving towards enemies.
Jewellery
 g - a ring of flight (left claw)
 r - a +4 ring of evasion (right claw)
 w - a ring of see invisible
Scrolls
 f - a scroll of identify
 i - a scroll of amnesia {unknown}
 j - 2 scrolls of blinking {unknown}
 k - a scroll of immolation {unknown}
 n - a scroll of noise {unknown}
 o - a scroll of enchant armour {unknown}
 p - a scroll of vulnerability {unknown}
 q - a scroll of silence {unknown}
 u - a scroll of butterflies {unknown}
 v - a scroll of teleportation {unknown}
Potions
 b - a potion of magic
 h - 2 potions of berserk rage
 m - a potion of invisibility
 t - a potion of heal wounds {unknown}


   Skills:
 + Level 2.0 Fighting
 - Level 1.7 Dodging
 - Level 2.1 Stealth
 + Level 2.0 Unarmed Combat
 + Level 2.7 Spellcasting
 + Level 1.4 Necromancy
 + Level 5.3 Ice Magic


You had 8 spell levels left.
You knew the following spells:

 Your Spells              Type           Power      Damage    Failure   Level
a - Freeze                Ice            56%        1d7       3%          1

Your spell library contained the following spells:

 Spells                   Type           Power      Damage    Failure   Level
 Frozen Ramparts          Ice            28%        1d5       9%          3
 Ozocubu's Armour         Ice            14%        N/A       9%          3
 Blink                    Tloc           2%         N/A       36%         2
 Hailstorm                Conj/Ice       8%         3d4       63%         4
 Animate Dead             Necr           5%         N/A       80%         4
 Borgnjor's Vile Clutch   Necr/Erth      1%         N/A       99%         5
 Manifold Assault         Tloc           1%         N/A       100%        5
 Death Channel            Necr           2%         N/A       100%        6
 Storm Form               Tmut/Air       Unusable   N/A       N/A         7

Dungeon Overview and Level Annotations

Branches:
Dungeon (3/15)

Altars:
Fedhas

Shops:
D:2 (

Annotations:
D:2 Sigmund
D:3 Natasha


Innate Abilities, Weirdness & Mutations

You are immune to poison.
You have sharp fingernails.
Your flesh is cold resistant. (rC+)
You are immune to negative energy. (rN+++)
You do not regenerate when monsters are visible.
You are immune to unholy pain and torment.
You thrive by killing the living.


Message History

Press: ? - help, Q - select action Shift-Dir - straight line, f - Natasha
Aim: Natasha, carrying a wand of roots (2)
You miscast Freeze.
You are very lightly contaminated with residual magic.
Nothing appears to happen.
Natasha growls.
Natasha barely misses you. The grasping roots constrict you.
Aiming: Freeze (safe; 3% risk of failure)
Press: ? - help, Q - select action Shift-Dir - straight line, f/p - Natasha
Aim: Natasha, carrying a wand of roots (2)
You freeze Natasha.
Natasha is lightly wounded.
Natasha barely misses you. The grasping roots constrict you.
Aiming: Freeze (safe; 3% risk of failure)
Press: ? - help, Q - select action Shift-Dir - straight line, f/p - Natasha
Aim: Natasha, carrying a wand of roots (2) (lightly wounded)
You miscast Freeze.
Nothing appears to happen.
The white imp barely misses you. Natasha claws you.
The grasping roots constrict you.
The grasping roots release their grip on you.
You closely miss Natasha.
Natasha is lightly wounded.
The white imp gestures at you. The puff of frost hits you!
* * * LOW HITPOINT WARNING * * *
Natasha barely misses you.
Aiming: Freeze (safe; 3% risk of failure)
Press: ? - help, Q - select action Shift-Dir - straight line, f/p - Natasha
Aim: Natasha, carrying a wand of roots (2) (lightly wounded)
You freeze Natasha.
Natasha is moderately wounded.
The white imp gestures at you. The puff of frost hits you.
* * * LOW HITPOINT WARNING * * *
Natasha stares at you and mumbles some strange words.
You feel yourself slow down.
You feel very mighty all of a sudden.
The white imp hits you but does no damage.
Natasha claws you.
You die...

#.# #.# # #.#.# .#.# #.
#.#.# .#.######## #.#
#.#.# .#......... #..
#.#.# .#.........
...#.#.# .#.........
#.###.#.#.## .#.........
...........###.#....)....
#####.⌠.@5⌠....#.........
........h.†..###.........
###.⌠...<...⌠.##.#######.
##.........###.# #.
.....⌠...⌠......# #.
.##.......####### #. #
######### ##


You could see Natasha and a white imp (summoned).

Vanquished Creatures
  An orc wizard (D:3)
  Natasha (D:3)
  3 gnolls (D:3)
  3 adders
  3 worms (D:2)
  A dart slug (D:2)
  2 orcs (D:3)
  6 endoplasms
  5 goblins
  6 hobgoblins
  4 kobolds
  2 quokkas
  5 ball pythons
  3 bats
  5 frilled lizards
  5 rats
55 creatures vanquished.

Notes
Turn   | Place    | Note
-------+----------+-------------------------------------------
     0 | D:1      | Radix the Ghoul Ice Elementalist began the quest for the
                  | Orb.
     0 | D:1      | Reached XP level 1. HP: 14/14 MP: 2/2
   181 | D:1      | Reached XP level 2. HP: 12/20 MP: 0/4
   328 | D:1      | Found a faded altar of an unknown god.
   658 | D:1      | Found a blossoming altar of Fedhas.
  1019 | D:2      | Reached XP level 3. HP: 27/27 MP: 2/5
  1164 | D:2      | Reached skill level 1 in Fighting
  1246 | D:2      | Reached skill level 1 in Unarmed Combat
  1570 | D:2      | Found Xihiqia's Antique Weapon Shoppe.
  1851 | D:2      | Reached skill level 5 in Ice Magic
  1851 | D:2      | Reached XP level 4. HP: 31/35 MP: 2/6
  2011 | D:2      | Noticed Sigmund
  2654 | D:3      | Identified the +0 helmet of Defiance {Rampage rC- Regen+}
  2805 | D:3      | Reached skill level 1 in Necromancy
  2906 | D:3      | Noticed Natasha
  2922 | D:3      | Killed Natasha
  2923 | D:3      | Reached XP level 5. HP: 24/41 MP: 5/8
  3058 | D:3      | Noticed Natasha
  3068 | D:3      | Slain by Natasha

Illustrated notes

Levels and vault maps discovered:
D:1:      dpeg_arrival_lava_altar, layout_basic,
          hellmonk_ecumenical_altar_arch_garden
D:2:      minmay_skewed_foursquare, layout_basic, serial_shops,
          nicolae_shop_hallway_plus, uniq_sigmund
D:3:      layout_basic, mainiacjoe_overflow_surrounded_room, grunt_ministairs_2,
          minmay_misc_feat_x, uniq_ijyb, uniq_natasha

Skill      XL: |  1  2  3  4  5 |
---------------+----------------+-----
Spellcasting   | 2 |  2.7
Fighting       | 1 2 |  2.0
Unarmed Combat | 1 2 |  2.0
Ice Magic      | 5 |  5.3
Necromancy     | 1 |  1.4
Dodging        | |  1.7
Stealth        | |  2.1

Action                   |  1- 3 |  4- 6 || total
-------------------------+-------+-------++-------
Melee: Unarmed           |   112 |    91 ||   203
       Punch             |     1 |       ||     1
 Cast: Freeze            |    35 |    23 ||    58
  Use: Scroll            |       |     4 ||     4
       Potion            |       |     4 ||     4
 Stab: Sleeping          |     2 |       ||     2
Armor: Robe              |    24 |    26 ||    50
Dodge: Dodged            |    88 |    71 ||   159
